 Dungeon Crawl Stone Soup version 0.20.0-15-g7f486f2 (webtiles) character file.

9453 NoAnimeNoLife the Markscentaur (level 11, -9/91 HPs)
             Began as a Centaur Hunter on June 13, 2017.
             Was a Follower of Okawaru.
             Mangled by a polar bear (19 damage)
             ... created by the rage of Trog
             ... on level 10 of the Dungeon.
             The game lasted 00:23:52 (12026 turns).

NoAnimeNoLife the Markscentaur (Centaur Hunter)    Turns: 12026, Time: 00:23:53

Health: -9/91      AC: 10    Str: 15    XL:     11   Next: 23%
Magic:  11/11      EV: 10    Int: 10    God:    Okawaru [*.....]
Gold:   614        SH:  0    Dex: 18    Spells: 10/10 levels left

rFire    . . .     SeeInvis .   a - +2 shortbow
rCold    . . .     Gourm    .   (shield currently unavailable)
rNeg     . . .     Faith    .   w - +1 scale mail
rPois    +         Spirit   .   (no helmet)
rElec    .         Reflect  +   (no cloak)
rCorr    .         Harm     .   (no gloves)
MR       .....     Rnd*Tele +   (no barding)
Stlth    ..........             q - +5 amulet of reflection
Regen    0.3/turn               N - +5 ring of dexterity
MPRegen  0.2/turn               L - ring of poison resistance

@: confused, very quick
A: hooves 3, icy blue scales 1, deformed body, speed 2, poison resistance,
teleportitis 1, tough skin 3
a: Heroism, Renounce Religion


You were on level 10 of the Dungeon.
You worshipped Okawaru.
Okawaru was aware of your devotion.
You were very full.

You visited 2 branches of the dungeon, and saw 11 of its levels.

You collected 614 gold pieces.

Inventory:

Hand Weapons
 a - a +2 shortbow (weapon)
 R - a +5 great sword
Missiles
 d - 225 arrows (quivered)
Armour
 w - a +1 scale mail (worn)
Jewellery
 q - a +5 amulet of reflection (around neck)
 r - an uncursed amulet of faith
 L - a ring of poison resistance (right hand)
 M - an uncursed ring of fire
 N - a +5 ring of dexterity (left hand)
 O - an uncursed amulet of magic regeneration
Wands
 b - a wand of iceblast (5/15)
 c - a wand of clouds (5/9)
 p - a wand of random effects (16/48)
 y - a wand of polymorph (9/24)
 C - a wand of iceblast (7/15)
 D - a wand of lightning (13/15)
Scrolls
 i - 4 scrolls of teleportation
 k - 2 scrolls of enchant weapon
 m - a scroll of enchant armour
 u - a scroll of noise {unknown}
 v - 2 scrolls of blinking
 x - 3 scrolls of remove curse
 A - a scroll of acquirement {unknown}
 F - 2 scrolls of amnesia
 J - 2 scrolls of recharging
 Q - 2 scrolls of fear {unknown}
Potions
 e - 2 potions of lignification
 g - a potion of agility
 h - 2 potions of brilliance
 j - 2 potions of haste
 n - a potion of heal wounds
 z - 2 potions of ambrosia {unknown}
 B - 3 potions of magic
 E - 2 potions of resistance
 G - 6 potions of curing
 H - a potion of invisibility
 I - a potion of flight
 P - a potion of might
Comestibles
 f - 8 bread rations
 l - 11 royal jellies
 s - 2 meat rations
 K - 7 fruits


   Skills:
 + Level 6.6 Fighting
 + Level 3.2 Long Blades
 + Level 16.8 Bows
 + Level 4.8 Armour
 + Level 4.8 Dodging
 - Level 0.4 Stealth


You had 10 spell levels left.
You didn't know any spells.

Dungeon Overview and Level Annotations

Branches:
Dungeon (10/15)            Temple (1/1) D:5
   Lair: D:8-11         Orc: D:9-12

Altars:
Ashenzari
Cheibriados
Dithmenos
Elyvilon
Fedhas
Gozag
Hepliaklqana
Kikubaaqudgha
Makhleb
Nemelex Xobeh
Okawaru
Qazlal
Ru
Sif Muna
Trog
Uskayaw
Vehumet
Xom
Yredelemnul
Zin
The Shining One

Shops:
D:5 =   D:7 ?


Innate Abilities, Weirdness & Mutations

You have hooves in place of feet.
Armour fits poorly on your strangely shaped body.
You cover ground very quickly.
You have extremely tough skin. (AC +3)
You are partially covered in icy blue scales. (AC +2)
Your system is resistant to poisons. (rPois)
You are occasionally teleported next to monsters.


Message History

The polar bear closely misses you. The polar bear claws you.
The polar bear claws you but does no damage.
You are covered in liquid flames!
The ogre rages.
You are covered in liquid flames!
You clumsily bash the polar bear but do no damage.
You kick the polar bear.
The polar bear is lightly wounded.
You are covered in liquid flames!
The polar bear bites you!
The polar bear claws you but does no damage.
The polar bear closely misses you. The polar bear bites you!!
The polar bear claws you but does no damage.
The polar bear closely misses you. The polar bear bites you.
The polar bear barely misses you. The polar bear closely misses you.
The polar bear bites you!!
* * * LOW HITPOINT WARNING * * *
The polar bear claws you but does no damage.
The polar bear closely misses you. The polar bear bites you!!
You die...

..###... ..#..#
#...# #..# ##..#
###...### ..
#.......## #.#
#.###.....### .$# #.
#...@...## #..# #
##.hh#...###..# ###
#.Oh###..(#..# #.#
#...# ##.....# #.#
#...# ##....### #.#
#...# #....>.####
#.##
#...#####.........#
#..#
#..................
#<.#
###.............#..#


You could see 2 polar bears, a black bear (berserk) and an ogre (berserk).

Vanquished Creatures
  2 two-headed ogres
  2 death yaks (D:10)
  Maurice (D:9)
  Joseph (D:10)
  A troll (D:9)
  4 hogs (D:7)
  A basilisk (D:10)
  A human (D:7)
  Duvessa (D:6)
  A water moccasin (D:9)
  2 porcupines (D:10)
  2 orc warriors
  3 ice beasts
  A sky beast (D:7)
  2 necrophages
  3 ogres
  2 phantoms
  A crocodile (D:9)
  8 centaurs
  2 big kobolds
  6 bullfrogs
  Dowan (D:6)
  3 scorpions
  3 killer bees
  17 wights
  3 howler monkeys (D:8)
  2 crimson imps
  2 orc priests
  3 hounds
  3 centaur skeletons
  Jessica (D:2)
  3 iguanas
  11 orc wizards
  2 worker ants
  A hell rat (D:10)
  2 worker ant zombies (D:9)
  A howler monkey skeleton (D:4)
  A gnoll (D:6)
  6 adders
  A river rat (D:10)
  A shadow imp (D:5)
  An ooze (D:2)
  An adder zombie (D:7)
  4 adder skeletons
  5 worms
  The ghost of NoAnimeNoLife the Sneak, a weakling SpEn (D:7)
  5 leopard geckos
  27 orcs
  7 giant cockroaches
  16 goblins
  8 hobgoblins
  9 jackals
  36 kobolds
  4 quokkas
  9 bats
  A quokka zombie (D:7)
  12 rats
  A plant (D:9)
261 creatures vanquished.

Vanquished Creatures (others)
  A centaur (D:6)
1 creature vanquished.

Grand Total: 262 creatures vanquished

Notes
Turn   | Place    | Note
-------+----------+-------------------------------------------
     0 | D:1      | NoAnimeNoLife the Centaur Hunter began the quest for the Orb.
     0 | D:1      | Reached XP level 1. HP: 17/17 MP: 1/1
   146 | D:1      | Reached XP level 2. HP: 24/24 MP: 2/2
   225 | D:1      | Reached skill level 6 in Bows
   980 | D:2      | Reached XP level 3. HP: 29/29 MP: 3/3
  1130 | D:2      | Found a blossoming altar of Fedhas.
  1131 | D:2      | Noticed Jessica
  1135 | D:2      | Killed Jessica
  1135 | D:2      | Reached skill level 7 in Bows
  1161 | D:2      | Reached XP level 4. HP: 24/36 MP: 4/4
  1232 | D:2      | Found a sparkling altar of Nemelex Xobeh.
  1335 | D:2      | Found a deep blue altar of Sif Muna.
  1811 | D:3      | Found a stormy altar of Qazlal.
  1924 | D:3      | Reached skill level 8 in Bows
  1989 | D:3      | Noticed a necrophage
  1994 | D:3      | Killed a necrophage
  1994 | D:3      | Reached XP level 5. HP: 41/41 MP: 5/5
  2069 | D:3      | Reached skill level 9 in Bows
  2258 | D:3      | Found a sacrificial altar of Ru.
  2495 | D:4      | Reached XP level 6. HP: 43/48 MP: 6/6
  2558 | D:4      | Found a sparkling altar of Nemelex Xobeh.
  2558 | D:4      | Found an opulent altar of Gozag.
  2759 | D:4      | Reached skill level 10 in Bows
  3685 | D:5      | Entered Level 5 of the Dungeon
  3776 | D:5      | Found a snail-covered altar of Cheibriados.
  3864 | D:5      | Found Tauwn's Jewellery Emporium.
  3924 | D:5      | Reached XP level 7. HP: 55/55 MP: 7/7
  4147 | D:5      | Found a white marble altar of Elyvilon.
  4203 | D:5      | Found a sparkling altar of Nemelex Xobeh.
  4396 | D:5      | Found a staircase to the Ecumenical Temple.
  4506 | Temple   | Entered the Ecumenical Temple
  4625 | D:6      | Noticed Duvessa
  4627 | D:6      | Noticed Dowan
  4635 | D:5      | Reached skill level 11 in Bows
  4905 | D:6      | Reached skill level 12 in Bows
  5107 | D:6      | Found a glowing silver altar of Zin.
  5148 | D:6      | Reached XP level 8. HP: 61/61 MP: 8/8
  5210 | D:6      | Reached skill level 13 in Bows
  5875 | D:6      | Killed Duvessa
  5885 | D:6      | Killed Dowan
  6246 | D:6      | Reached skill level 14 in Bows
  6608 | D:7      | Noticed NoAnimeNoLife's ghost (weakling SpEn)
  6629 | D:7      | Killed NoAnimeNoLife's ghost
  6634 | D:7      | Reached skill level 15 in Bows
  6698 | D:7      | Found Bonorid's Magic Scroll Shoppe.
  6753 | D:7      | Reached XP level 9. HP: 67/67 MP: 9/9
  6870 | Temple   | Became a worshipper of Trog the Wrathful
  7019 | D:7      | Noticed a two-headed ogre
  7083 | D:7      | Killed a two-headed ogre
  7083 | D:7      | Reached skill level 1 in Armour
  7977 | D:8      | Reached skill level 16 in Bows
  7977 | D:8      | Reached XP level 10. HP: 59/80 MP: 10/10
  8032 | D:7      | Reached * piety under Trog
  8465 | D:8      | Found a basalt altar of Yredelemnul.
  8661 | D:8      | Noticed a two-headed ogre
  8687 | D:8      | Reached skill level 5 in Fighting
  8707 | D:8      | Killed a two-headed ogre
  9137 | D:8      | Found an iron altar of Okawaru.
  9137 | D:8      | Found an ancient bone altar of Kikubaaqudgha.
  9389 | D:9      | Noticed Maurice
  9421 | D:9      | Killed Maurice
  9668 | D:9      | Reached ** piety under Trog
  9686 | D:9      | Reached skill level 1 in Long Blades
 10234 | D:9      | Found a burning altar of Makhleb.
 10392 | D:8      | Fell from the grace of Trog
 10392 | D:8      | Became a worshipper of Warmaster Okawaru
 10552 | D:10     | Entered Level 10 of the Dungeon
 10557 | D:10     | Noticed Joseph
 11122 | D:10     | Killed Joseph
 11139 | D:10     | Reached XP level 11. HP: 55/89 MP: 11/11
 11517 | D:10     | Gained mutation: Your magical capacity is low. (-10% MP) [potion of mutation]
 11517 | D:10     | Gained mutation: You are robust. (+10% HP) [potion of mutation]
 11518 | D:10     | Lost mutation: Your magical capacity is low. (-10% MP) [potion of mutation]
 11518 | D:10     | Lost mutation: You are robust. (+10% HP) [potion of mutation]
 11518 | D:10     | Gained mutation: You are agile. (Dex +2) [potion of mutation]
 11518 | D:10     | Gained mutation: You are weak. (Str -2) [potion of mutation]
 11518 | D:10     | Gained mutation: You are partially covered in thin metallic scales. (AC +2) [potion of mutation]
 11519 | D:10     | Lost mutation: You are weak. (Str -2) [potion of mutation]
 11519 | D:10     | Lost mutation: You are partially covered in thin metallic scales. (AC +2) [potion of mutation]
 11519 | D:10     | Lost mutation: You are agile. (Dex +2) [potion of mutation]
 11519 | D:10     | Gained mutation: You are partially covered in icy blue scales. (AC +2) [potion of mutation]
 11519 | D:10     | Gained mutation: You are occasionally teleported next to monsters. [potion of mutation]
 11519 | D:10     | Gained mutation: Your system is resistant to poisons. (rPois) [potion of mutation]
 11595 | D:10     | Reached * piety under Okawaru
 11671 | D:10     | Noticed a death yak
 11678 | D:10     | Noticed a death yak
 11681 | D:10     | Noticed a death yak
 11763 | D:10     | Killed a death yak
 11853 | D:10     | Killed a death yak
 12026 | D:10     | Mangled by a polar bear

Skill      XL: |  1  2  3  4  5  6  7  8  9 10 11 |
---------------+----------------------------------+-----
Bows           | 6 7 8 9 10 12 15 16 | 16.8
Fighting       | 4 6 |  6.6
Armour         | 2 4 |  4.8
Dodging        | 3 4 |  4.8
Long Blades    | 2 3 |  3.2
Stealth        | |  0.4

Action                   |  1- 3 |  4- 6 |  7- 9 | 10-12 || total
-------------------------+-------+-------+-------+-------++-------
Melee: Short sword       |       |     4 |       |       ||     4
       Kick              |       |     1 |       |     1 ||     2
       Shortbow          |       |       |     1 |     1 ||     2
       Great sword       |       |       |       |     4 ||     4
 Fire: Shortbow          |    68 |   218 |   416 |   502 ||  1204
  Use: Potion            |       |       |     1 |     4 ||     5
       Scroll            |       |       |    13 |     7 ||    20
  Eat: Chunk             |       |     4 |     2 |     3 ||     9
       Royal jelly       |       |     1 |       |       ||     1
       Meat ration       |       |       |     2 |     2 ||     4
Armor: Leather armour    |     8 |     8 |       |       ||    16
       Scale mail        |       |    24 |    12 |    33 ||    69
       Skin              |       |       |    11 |       ||    11
Dodge: Dodged            |     8 |    21 |    13 |    58 ||   100
Block: Other             |       |    11 |    23 |    22 ||    56
       Reflection        |       |     1 |     4 |     5 ||    10
